cohdb
Replays
Latest Replays
All Replays
Popular Replays
Top Player Replays
Match Explorer
How It Works
Community
CoH3 Stats
Reddit
Sign in to upload your games and track your stats! →
Sign in with Steam
Match 46942047
Unlisted
Match 46942047
Overview
Messages
Build Orders
End
Panzerpioneer Squad
250 Light Carrier
Panzerpioneer Squad
Construct Light Support Kompanie
Combat Half-tracks
Selects Panzerjäger Kommand Battlegroup
Selects GrB 39 Grenade Launcher Requisition
Fire Support Elements
MG34 Team
Panzerjäger Mechanized Group
Vehicle Survival Package
Selects Blockade Equipment
Veteran Squad Leaders
Construct Panzerarmee Kommand
Selects Crew Shock Tactics
Crew Shock Tactics
Panzerjäger Squad
Walking Stuka Rocket Launcher
Selects Early Warning
Emergency Repair Kits
2.5-tonne Medical Truck
Panzer III L Medium Tank
Crew Shock Tactics
Early Warning
Panzerpioneer Squad
Walking Stuka Rocket Launcher
Armored Reserves
Selects Butterfly Bomb Drop
Butterfly Bomb Drop
Advanced Optics
Tungsten Core Ammunition
Panzer IV Assault Group
Crew Shock Tactics
Selects Anti-tank Overwatch
Flak 36 Anti-tank Gun Team
Butterfly Bomb Drop
Panzerjäger Squad
Assault Grenadier Squad
WilllTHENOOBz
我小叮当今晚要搞事!
旧时光
FLOKL
DonaldD.
leto
Bruckley
冲锋大哥
0
0
Comments
sign in to comment!
No comments posted yet!